[Event "DVM U12w 2023"]
[Site "Magdeburg"]
[Date "2023.12.27"]
[Round "1"]
[White "Martin, Helene"]
[Black "He, Siqi"]
[Result "1/2-1/2"]
[WhiteElo "989"]
[BlackElo "812"]
[PlyCount "110"]
[EventDate "2022.12.27"]
[EventType "team-tourn"]
[EventRounds "7"]
[EventCountry "GER"]
[TimeControl "40/5400+30:1800+30"]
[WhiteClock "0:29:22"]
[BlackClock "1:27:15"]

1. e4 e5 2. Nf3 Nc6 3. Bc4 d6 4. c3 Be6 5. Bb3 d5 6. exd5 Bxd5 7. O-O Nf6 8. Re1 Qd7 9. Nxe5 Nxe5 10. Rxe5+ Be7 11. d4 Bc6 12. f3 O-O 13. Qe1 Rae8 14. Bg5 h6 15. Bxf6 Bxf6 16. Re2 Rxe2 17. Qxe2 Re8 18. Qd1 Re7 19. Na3 Qe8 20. Nc2 Ba4 21. Nb4 Bxb3 22. axb3 a5 23. Nd5 Rd7 24. Nxf6+ gxf6 25. Qe1 Re7 26. Qc1 b5 27. h3 a4 28. bxa4 bxa4 29. Qd2 c6 30. Kf1 f5 31. Re1 h5 32. Qg5+ Kf8 33. Qh6+ Kg8 34. Qg5+ Kf8 35. Qxe7+ Qxe7 36. Rxe7 Kxe7 37. Kf2 Kd6 38. Ke2 c5 39. dxc5+ Kxc5 40. Kd2 Kb5 41. Kc2 Kc4 42. b3+ axb3+ 43. Kb2 f6 44. g3 f4 45. g4 hxg4 46. hxg4 Kd3 47. Kxb3 Ke3 48. Kc2 Kxf3 49. Kd2 Kxg4 50. Ke1 Kf5 51. Kd2 Ke5 52. Ke2 f5 53. Kf3 Kd5 54. Kxf4 Kc4 55. Kxf5 Kxc3 {[%emt 0:00:14] normal} 1/2-1/2

[Event "DVM U12w 2023"]
[Site "Magdeburg"]
[Date "2023.12.27"]
[Round "1"]
[White "Khachaturyan, Viktoria"]
[Black "Hladeniuk, Yelyzaveta"]
[Result "0-1"]
[WhiteElo "987"]
[BlackElo "1362"]
[PlyCount "70"]
[EventDate "2022.12.27"]
[EventType "team-tourn"]
[EventRounds "7"]
[EventCountry "GER"]
[TimeControl "40/5400+30:1800+30"]
[WhiteClock "1:12:06"]
[BlackClock "1:20:49"]

1. e4 c6 2. d4 d5 3. exd5 cxd5 4. Nc3 Nf6 5. Bd3 Nc6 6. Nf3 Bg4 7. O-O Nxd4 8. Bb5+ Nc6 9. h3 Bxf3 10. Qxf3 e6 11. Bg5 Be7 12. Rfe1 O-O 13. Bxf6 Bxf6 14. Qh5 Rc8 15. Bd3 g6 16. Qg4 Ne5 17. Qb4 Nxd3 18. cxd3 b6 19. Rac1 a5 20. Qf4 Bg5 21. Qe5 Bxc1 22. Rxc1 b5 23. Qf4 b4 24. Ne2 Rxc1+ 25. Nxc1 Qb8 26. Qh6 Rc8 27. a4 bxa3 28. bxa3 Rc3 29. Qg5 Qb1 30. Qd8+ Kg7 31. Qxa5 Qxc1+ 32. Kh2 Qf4+ 33. g3 Qxf2+ 34. Kh1 Rc1+ 35. Qe1 Rxe1# {[%emt 0:00:15] normal} 0-1

[Event "DVM U12w 2023"]
[Site "Magdeburg"]
[Date "2023.12.27"]
[Round "1"]
[White "Poberezhna, Anna"]
[Black "Grey, Paula"]
[Result "1/2-1/2"]
[WhiteElo "951"]
[BlackElo "1008"]
[PlyCount "65"]
[EventDate "2022.12.27"]
[EventType "team-tourn"]
[EventRounds "7"]
[EventCountry "GER"]
[TimeControl "40/5400+30:1800+30"]
[WhiteClock "1:24:32"]
[BlackClock "0:32:22"]

1. e4 e5 2. Nf3 Nc6 3. Bc4 Bc5 4. O-O d6 5. h3 Nf6 6. d3 h6 7. Nc3 O-O 8. Be3 Bb6 9. d4 exd4 10. Nxd4 Nxd4 11. Bxd4 c5 12. Be3 Re8 13. Qf3 Be6 14. Bb3 Bxb3 15. axb3 Nd7 16. Nd5 Qh4 17. Nxb6 Nxb6 18. Rad1 Rad8 19. Rd3 Qxe4 20. Qg3 Qg6 21. Qxg6 fxg6 22. Rfd1 Re6 23. Bf4 Nc8 24. c3 Kf7 25. Kh2 Ke7 26. b4 b6 27. g4 Re2 28. Kg3 Rxb2 29. Re1+ Kf7 30. Rf3 Kg8 31. g5 Kh7 32. h4 h5 33. Rfe3 {[%emt 0:01:48] normal} 1/2-1/2

[Event "DVM U12w 2023"]
[Site "Magdeburg"]
[Date "2023.12.27"]
[Round "1"]
[White "Du, Melina"]
[Black "Dong, Beicen"]
[Result "0-1"]
[WhiteElo "934"]
[BlackElo "843"]
[PlyCount "46"]
[EventDate "2022.12.27"]
[EventType "team-tourn"]
[EventRounds "7"]
[EventCountry "GER"]
[TimeControl "40/5400+30:1800+30"]
[WhiteClock "1:19:33"]
[BlackClock "1:31:44"]

1. e4 d5 2. Nc3 e6 3. Nf3 Nf6 4. e5 Ne4 5. Nxe4 dxe4 6. Ng1 Nc6 7. Bb5 Bd7 8. f3 Nxe5 9. Bxd7+ Qxd7 10. fxe4 Qd8 11. d4 Nc6 12. d5 Qh4+ 13. g3 Qxe4+ 14. Qe2 Qxh1 15. Qe3 Nb4 16. Qc3 Qxg1+ 17. Kd2 Nxd5 18. b3 Bb4 19. Qxb4 Nxb4 20. Bb2 Qf2+ 21. Kd1 O-O-O+ 22. Bd4 Rxd4+ 23. Kc1 Qxc2# {[%emt 0:01:06] normal} 0-1

[Event "DVM U12w 2023"]
[Site "Magdeburg"]
[Date "2023.12.27"]
[Round "1"]
[White "Rabus, Luise"]
[Black "Werner, Amelie"]
[Result "1-0"]
[WhiteElo "913"]
[BlackElo "1311"]
[PlyCount "45"]
[EventDate "2022.12.27"]
[EventType "team-tourn"]
[EventRounds "7"]
[EventCountry "GER"]
[TimeControl "40/5400+30:1800+30"]
[WhiteClock "1:31:54"]
[BlackClock "1:35:34"]

1. e4 e6 2. d4 d5 3. e5 c5 4. c3 Nc6 5. Nf3 Qb6 6. Bd3 cxd4 7. cxd4 Nxd4 8. Nxd4 Qxd4 9. Bb5+ Bd7 10. Bxd7+ Kxd7 11. Qxd4 Rc8 12. Nc3 Rc4 13. Qxa7 Bc5 14. Qxb7+ Kd8 15. Be3 Rb4 16. Qxf7 d4 17. Bg5+ Ne7 18. Ne4 Bb6 19. Qxe7+ Kc8 20. Qxb4 Ba7 21. Rc1+ Kd7 22. Qb7+ Ke8 23. Rc8# {[%emt 0:00:51] normal} 1-0

[Event "DVM U12w 2023"]
[Site "Magdeburg"]
[Date "2023.12.27"]
[Round "1"]
[White "Schmegel, Alina"]
[Black "Wilke, Ronja"]
[Result "0-1"]
[WhiteElo "892"]
[BlackElo "1224"]
[PlyCount "30"]
[EventDate "2022.12.27"]
[EventType "team-tourn"]
[EventRounds "7"]
[EventCountry "GER"]
[TimeControl "40/5400+30:1800+30"]
[WhiteClock "1:31:12"]
[BlackClock "1:30:09"]

1. e4 c6 2. Nc3 d5 3. exd5 cxd5 4. Bb5+ Bd7 5. Ba4 Bxa4 6. Nxa4 Nc6 7. Nf3 e6 8. a3 Be7 9. O-O Nf6 10. d3 O-O 11. Qe1 Qd6 12. d4 Ng4 13. Qe2 Nxd4 14. Qd1 Nxf3+ 15. Qxf3 Qxh2# {[%emt 0:00:44] normal} 0-1

[Event "DVM U12w 2023"]
[Site "Magdeburg"]
[Date "2023.12.27"]
[Round "1"]
[White "Gelbach, Julietta"]
[Black "Ramien, Eva"]
[Result "0-1"]
[WhiteElo "887"]
[BlackElo "1324"]
[PlyCount "46"]
[EventDate "2022.12.27"]
[EventType "team-tourn"]
[EventRounds "7"]
[EventCountry "GER"]
[TimeControl "40/5400+30:1800+30"]
[WhiteClock "1:05:22"]
[BlackClock "0:57:31"]

1. e4 e5 2. Nf3 Nc6 3. Bb5 Nge7 4. O-O d6 5. Qe1 Bg4 6. Qe3 a6 7. Bc4 g6 8. Ng5 d5 9. Bb3 Bg7 10. c4 d4 11. Qg3 Bd7 12. c5 O-O 13. Qh4 h6 14. Nf3 d3 15. Nc3 Nc8 16. Qxd8 Rxd8 17. Nd5 N8a7 18. Ba4 b5 19. Nxc7 Rac8 20. Nxa6 bxa4 21. b3 Na5 22. b4 Rc6 23. bxa5 Rxa6 {[%emt 0:00:30] normal} 0-1

[Event "DVM U12w 2023"]
[Site "Magdeburg"]
[Date "2023.12.27"]
[Round "1"]
[White "Goy, Isabella"]
[Black "Zhou, Leyi Charlotte"]
[Result "0-1"]
[WhiteElo "880"]
[BlackElo "1335"]
[PlyCount "82"]
[EventDate "2022.12.27"]
[EventType "team-tourn"]
[EventRounds "7"]
[EventCountry "GER"]
[TimeControl "40/5400+30:1800+30"]
[WhiteClock "1:09:06"]
[BlackClock "1:24:45"]

1. e4 e5 2. Nf3 Nc6 3. Nc3 Nf6 4. Bd3 Bc5 5. O-O d6 6. Re1 O-O 7. Na4 Bb6 8. Nxb6 axb6 9. Bb5 Bg4 10. Be2 Nxe4 11. Nd4 Bxe2 12. Nxc6 bxc6 13. Qxe2 d5 14. d3 Nf6 15. Bg5 Re8 16. d4 exd4 17. Qxe8+ Qxe8 18. Rxe8+ Rxe8 19. Bxf6 gxf6 20. h3 c5 21. Rd1 Kg7 22. a4 Re2 23. Rc1 c4 24. Kf1 d3 25. cxd3 cxd3 26. b3 Rb2 27. f3 c5 28. Rc3 Rb1+ 29. Kf2 d2 30. Rd3 d1=Q 31. Rxd1 Rxd1 32. Ke2 Rb1 33. b4 Rxb4 34. a5 bxa5 35. Kd3 a4 36. Kc3 a3 37. Kd3 a2 38. Ke3 a1=Q 39. Kd3 Rb3+ 40. Ke2 Qa2+ 41. Ke1 Rb1# {[%emt 0:30:30] normal} 0-1

[Event "DVM U12w 2023"]
[Site "Magdeburg"]
[Date "2023.12.27"]
[Round "1"]
[White "Satheesh, Dharshini"]
[Black "Haas, Valentina"]
[Result "1-0"]
[WhiteElo "871"]
[BlackElo "1010"]
[PlyCount "43"]
[EventDate "2022.12.27"]
[EventType "team-tourn"]
[EventRounds "7"]
[EventCountry "GER"]
[TimeControl "40/5400+30:1800+30"]
[WhiteClock "1:09:41"]
[BlackClock "1:23:21"]

1. e4 e5 2. Nf3 Nf6 3. Nxe5 Nc6 4. Nxc6 dxc6 5. e5 Ng4 6. d4 c5 7. h3 Nh6 8. d5 Nf5 9. Nc3 Be7 10. Bd3 O-O 11. O-O Nh4 12. Qh5 h6 13. Bxh6 f6 14. Qxh4 Rf7 15. e6 f5 16. Qg3 Bd6 17. exf7+ Kxf7 18. Qxg7+ Ke8 19. Rfe1+ Be7 20. Qh8+ Kd7 21. Bxf5+ Kd6 22. Qe5# {[%emt 0:00:53] normal} 1-0

[Event "DVM U12w 2023"]
[Site "Magdeburg"]
[Date "2023.12.27"]
[Round "1"]
[White "Seyedfakhari, Elena"]
[Black "Wieckowicz, Bui Havy"]
[Result "0-1"]
[WhiteElo "860"]
[BlackElo "1175"]
[PlyCount "104"]
[EventDate "2022.12.27"]
[EventType "team-tourn"]
[EventRounds "7"]
[EventCountry "GER"]
[TimeControl "40/5400+30:1800+30"]
[WhiteClock "1:26:05"]
[BlackClock "0:53:04"]

1. e4 c5 2. c3 Nc6 3. Nf3 d6 4. Be2 Nf6 5. O-O e6 6. d3 Be7 7. Bf4 Qc7 8. Nbd2 a6 9. Qc2 b5 10. Rfe1 O-O 11. Rad1 e5 12. Be3 Be6 13. a3 Rfe8 14. c4 Rab8 15. cxb5 axb5 16. Ng5 Bg4 17. Bxg4 Nxg4 18. Ngf3 b4 19. axb4 Nxb4 20. Qc4 Red8 21. Ng5 d5 22. exd5 Rxd5 23. Ngf3 Rbd8 24. Qxg4 Nxd3 25. Bh6 g6 26. Re2 f5 27. Qc4 Nxb2 28. Qc1 Nxd1 29. Qxd1 e4 30. Qa1 Bf8 31. Ng5 Qe7 32. Nh3 Bxh6 33. Nc4 Rd1+ 34. Re1 Rxa1 35. Rxa1 Bg7 36. Rc1 Qe6 37. Ne3 Bb2 38. Rb1 Bd4 39. Nf4 Qe5 40. g3 g5 41. Nc4 Bxf2+ 42. Kxf2 Qd4+ 43. Kf1 gxf4 44. Nb6 Qd3+ 45. Kg2 Qxb1 46. Nc4 Qc2+ 47. Nd2 Qxd2+ 48. Kh3 fxg3 49. Kxg3 Qg5+ 50. Kf2 Rd2+ 51. Kf1 Qg2+ 52. Ke1 Qe2# {[%emt 0:00:46] normal} 0-1

[Event "DVM U12w 2023"]
[Site "Magdeburg"]
[Date "2023.12.27"]
[Round "2"]
[White "Schirmbeck, Lilian"]
[Black "Shynkar, Daria"]
[Result "1-0"]
[WhiteElo "1585"]
[BlackElo "1316"]
[PlyCount "21"]
[EventDate "2022.12.27"]
[EventType "team-tourn"]
[EventRounds "7"]
[EventCountry "GER"]
[TimeControl "40/5400+30:1800+30"]
[WhiteClock "0:54:59"]
[BlackClock "1:05:50"]

1. d4 Nf6 2. Bf4 d5 3. Nf3 c5 4. dxc5 Bf5 5. e3 e6 6. Bxb8 Rxb8 7. Bb5+ Ke7 8. O-O Qc7 9. Nd4 Bg6 10. b4 a6 11. Be2 {[%emt 0:03:34] normal} 1-0

[Event "DVM U12w 2023"]
[Site "Magdeburg"]
[Date "2023.12.27"]
[Round "2"]
[White "Hofmeier, Viktoria"]
[Black "Stepanova, Anhelina"]
[Result "1/2-1/2"]
[WhiteElo "1408"]
[BlackElo "1172"]
[PlyCount "76"]
[EventDate "2022.12.27"]
[EventType "team-tourn"]
[EventRounds "7"]
[EventCountry "GER"]
[TimeControl "40/5400+30:1800+30"]
[WhiteClock "1:05:41"]
[BlackClock "1:11:15"]

1. e4 e6 2. d4 d5 3. exd5 exd5 4. Bd3 Bd6 5. Nf3 Nf6 6. O-O O-O 7. Be3 Be6 8. c3 Nbd7 9. Nbd2 c6 10. Qc2 Qc7 11. Rfe1 Rfe8 12. Rac1 Rac8 13. b4 b5 14. a4 a6 15. Ra1 Ra8 16. Ra2 Ra7 17. Rea1 Rea8 18. axb5 axb5 19. Rxa7 Rxa7 20. Rxa7 Qxa7 21. Ng5 Nf8 22. Nxe6 Nxe6 23. Nb3 Qc7 24. g3 g6 25. Qa2 Qb8 26. Qa6 Qc7 27. Na5 Nd8 28. Qa8 Nd7 29. Nxc6 Be7 30. Nxd8 Nb6 31. Ne6+ Nxa8 32. Nxc7 Nxc7 33. Bf4 Ne6 34. Bb8 Kf8 35. Bxb5 Ng5 36. Bf4 Ne4 37. Bc6 Nxc3 38. Kf1 Bxb4 {[%emt 0:00:34] normal} 1/2-1/2

[Event "DVM U12w 2023"]
[Site "Magdeburg"]
[Date "2023.12.27"]
[Round "2"]
[White "Rafikova, Ailin"]
[Black "Briese, Sophie"]
[Result "1-0"]
[WhiteElo "1399"]
[BlackElo "1207"]
[PlyCount "31"]
[EventDate "2022.12.27"]
[EventType "team-tourn"]
[EventRounds "7"]
[EventCountry "GER"]
[TimeControl "40/5400+30:1800+30"]
[WhiteClock "0:42:51"]
[BlackClock "1:12:17"]

1. e4 c5 2. Nc3 Nc6 3. g3 g6 4. Bg2 Bg7 5. d3 d6 6. Nge2 e6 7. Be3 Nd4 8. Qd2 Ne7 9. Nd1 Rb8 10. c3 Ndc6 11. Bh6 O-O 12. h4 Ne5 13. h5 Ng4 14. Bxg7 Kxg7 15. hxg6 fxg6 16. f3 {[%emt 0:05:13] normal} 1-0

[Event "DVM U12w 2023"]
[Site "Magdeburg"]
[Date "2023.12.27"]
[Round "2"]
[White "John, Linnea"]
[Black "Winkler, Frida"]
[Result "1-0"]
[WhiteElo "1393"]
[BlackElo "1298"]
[PlyCount "41"]
[EventDate "2022.12.27"]
[EventType "team-tourn"]
[EventRounds "7"]
[EventCountry "GER"]
[TimeControl "40/5400+30:1800+30"]
[WhiteClock "0:56:03"]
[BlackClock "1:03:22"]

1. e4 e5 2. Nf3 Nc6 3. d4 exd4 4. Nxd4 Qf6 5. Nxc6 Bc5 6. Qf3 bxc6 7. Bc4 d6 8. Nc3 Qxf3 9. gxf3 Ne7 10. Be3 Bb6 11. Rg1 O-O 12. O-O-O Bb7 13. h4 Rfd8 14. Bh6 Ng6 15. Bg5 Rd7 16. h5 Ne5 17. Bf6 Nxc4 18. Rxg7+ Kf8 19. Rxh7 Be3+ 20. fxe3 Nxe3 21. Rh8# {[%emt 0:00:05] normal} 1-0

[Event "DVM U12w 2023"]
[Site "Magdeburg"]
[Date "2023.12.27"]
[Round "2"]
[White "Hladeniuk, Yelyzaveta"]
[Black "Daaboul, Dima"]
[Result "1-0"]
[WhiteElo "1362"]
[BlackElo "1184"]
[PlyCount "35"]
[EventDate "2022.12.27"]
[EventType "team-tourn"]
[EventRounds "7"]
[EventCountry "GER"]
[TimeControl "40/5400+30:1800+30"]
[WhiteClock "1:17:39"]
[BlackClock "0:49:02"]

1. d4 Nf6 2. c4 b6 3. Nc3 Bb7 4. Bf4 e6 5. e3 Bb4 6. Rc1 O-O 7. Nf3 d5 8. a3 Bxc3+ 9. Rxc3 Ne8 10. Be2 Nd7 11. O-O Rc8 12. cxd5 exd5 13. Ne5 Nef6 14. Nc6 Bxc6 15. Rxc6 Nb8 16. Rc2 Re8 17. Bg5 Nbd7 18. Ba6 {[%emt 0:02:27] normal} 1-0

[Event "DVM U12w 2023"]
[Site "Magdeburg"]
[Date "2023.12.27"]
[Round "2"]
[White "Noennig, Lotte"]
[Black "Subocz, Barbara"]
[Result "1-0"]
[WhiteElo "1345"]
[BlackElo "1169"]
[PlyCount "58"]
[EventDate "2022.12.27"]
[EventType "team-tourn"]
[EventRounds "7"]
[EventCountry "GER"]
[TimeControl "40/5400+30:1800+30"]
[WhiteClock "1:08:45"]
[BlackClock "1:00:56"]

1. e4 e5 2. Nf3 Nc6 3. Bc4 Nf6 4. d3 Bc5 5. c3 O-O 6. Nbd2 d6 7. O-O Be6 8. Bb3 Qd7 9. Re1 Ng4 10. Re2 Qe7 11. h3 Nh6 12. Nf1 Qf6 13. Ng3 Rad8 14. Bg5 Qg6 15. Bxd8 Rxd8 16. d4 exd4 17. cxd4 Bb6 18. Kh1 Na5 19. Bc2 Qf6 20. b4 Nc4 21. Bb3 Na3 22. Bxe6 fxe6 23. Qd3 c5 24. Qxa3 cxd4 25. Qd3 e5 26. Qc4+ Kh8 27. Qd5 Qe7 28. Rc1 Nf7 29. Nf5 Qd7 {[%emt 0:00:33] normal} 1-0

[Event "DVM U12w 2023"]
[Site "Magdeburg"]
[Date "2023.12.27"]
[Round "2"]
[White "Zhou, Leyi Charlotte"]
[Black "Martin, Helene"]
[Result "1-0"]
[WhiteElo "1335"]
[BlackElo "989"]
[PlyCount "31"]
[EventDate "2022.12.27"]
[EventType "team-tourn"]
[EventRounds "7"]
[EventCountry "GER"]
[TimeControl "40/5400+30:1800+30"]
[WhiteClock "1:16:08"]
[BlackClock "0:41:32"]

1. e4 c5 2. Nf3 Nc6 3. c4 g6 4. Nc3 Bg7 5. Be2 d6 6. d3 Nf6 7. O-O O-O 8. Rb1 b6 9. b3 Nd7 10. Bb2 Nde5 11. h3 a6 12. Re1 Rb8 13. a3 e6 14. Qd2 d5 15. exd5 exd5 16. Nxe5 {[%emt 0:03:19] normal} 1-0

[Event "DVM U12w 2023"]
[Site "Magdeburg"]
[Date "2023.12.27"]
[Round "2"]
[White "Busch, Lara Sophie"]
[Black "Fruth, Julia"]
[Result "1-0"]
[WhiteElo "1330"]
[BlackElo "1296"]
[PlyCount "46"]
[EventDate "2022.12.27"]
[EventType "team-tourn"]
[EventRounds "7"]
[EventCountry "GER"]
[TimeControl "40/5400+30:1800+30"]
[WhiteClock "1:08:54"]
[BlackClock "0:54:02"]

1. e4 c5 2. Nf3 d6 3. Bb5+ Nd7 4. Nc3 e6 5. a3 a6 6. Bxd7+ Bxd7 7. d3 Be7 8. b4 Qc7 9. Bb2 Nf6 10. O-O O-O 11. h3 Qb6 12. e5 dxe5 13. Nxe5 cxb4 14. Nxd7 Nxd7 15. axb4 Qxb4 16. Ba3 Qxc3 17. Bxe7 Rfe8 18. Ra3 Qd4 19. Bg5 Rac8 20. Rb3 b5 21. Be3 Qd6 22. Qd2 Red8 23. Ra1 Rc6 {[%emt 0:04:43] normal} 1-0

[Event "DVM U12w 2023"]
[Site "Magdeburg"]
[Date "2023.12.27"]
[Round "2"]
[White "Ramien, Eva"]
[Black "Kuehne, Malin"]
[Result "1/2-1/2"]
[WhiteElo "1324"]
[BlackElo "1264"]
[PlyCount "39"]
[EventDate "2022.12.27"]
[EventType "team-tourn"]
[EventRounds "7"]
[EventCountry "GER"]
[TimeControl "40/5400+30:1800+30"]
[WhiteClock "1:08:33"]
[BlackClock "0:51:14"]

1. e4 c6 2. Nc3 d5 3. Nf3 dxe4 4. Nxe4 Nf6 5. Nxf6+ exf6 6. g3 Bd6 7. Qe2+ Qe7 8. Qxe7+ Bxe7 9. Bg2 O-O 10. O-O Re8 11. Re1 Bf5 12. d3 Nd7 13. Bd2 Bc5 14. b4 Bd6 15. a3 Nb6 16. c4 Nd7 17. c5 Bc7 18. d4 Be4 19. Be3 f5 20. Bd2 {[%emt 0:15:41] normal} 1/2-1/2

[Event "DVM U12w 2023"]
[Site "Magdeburg"]
[Date "2023.12.27"]
[Round "2"]
[White "Werner, Amelie"]
[Black "Nikitina, Alisa"]
[Result "1-0"]
[WhiteElo "1311"]
[BlackElo "1004"]
[PlyCount "39"]
[EventDate "2022.12.27"]
[EventType "team-tourn"]
[EventRounds "7"]
[EventCountry "GER"]
[TimeControl "40/5400+30:1800+30"]
[WhiteClock "1:20:30"]
[BlackClock "1:10:43"]

1. e4 e5 2. Nf3 Nc6 3. Bc4 Nf6 4. Ng5 d5 5. exd5 Nxd5 6. Nxf7 Kxf7 7. Qf3+ Ke6 8. Nc3 Ncb4 9. O-O Bc5 10. a3 c6 11. axb4 Bxb4 12. h3 Bxc3 13. dxc3 Rf8 14. Qg4+ Kd6 15. Qxg7 Bf5 16. Rd1 Rf6 17. Qxb7 Qg8 18. Bxd5 cxd5 19. Ra6+ Kc5 20. Qb4# {[%emt 0:00:59] normal} 1-0

[Event "DVM U12w 2023"]
[Site "Magdeburg"]
[Date "2023.12.27"]
[Round "2"]
[White "Leicher, Anna"]
[Black "Ulianova, Anna"]
[Result "0-1"]
[WhiteElo "1279"]
[BlackElo "1036"]
[PlyCount "38"]
[EventDate "2022.12.27"]
[EventType "team-tourn"]
[EventRounds "7"]
[EventCountry "GER"]
[TimeControl "40/5400+30:1800+30"]
[WhiteClock "1:19:17"]
[BlackClock "0:39:34"]

1. e4 e5 2. Nf3 Nc6 3. d4 exd4 4. Nxd4 Bc5 5. Nxc6 bxc6 6. Bd3 Nf6 7. Bg5 h6 8. Bh4 d6 9. O-O g5 10. Bg3 h5 11. h3 h4 12. Bh2 g4 13. e5 dxe5 14. Bxe5 gxh3 15. Re1 Be6 16. Qf3 Rh6 17. Bf5 Nd5 18. Bxh3 Qg5 19. Qb3 Rg6 {[%emt 0:02:57] normal} 0-1

[Event "DVM U12w 2023"]
[Site "Magdeburg"]
[Date "2023.12.27"]
[Round "2"]
[White "Wilke, Ronja"]
[Black "Roessling, Laura Marie"]
[Result "0-1"]
[WhiteElo "1224"]
[BlackElo "1232"]
[PlyCount "42"]
[EventDate "2022.12.27"]
[EventType "team-tourn"]
[EventRounds "7"]
[EventCountry "GER"]
[TimeControl "40/5400+30:1800+30"]
[WhiteClock "0:52:21"]
[BlackClock "1:20:45"]

1. e4 e5 2. Nf3 Nc6 3. Bc4 Bc5 4. c3 Nf6 5. d4 exd4 6. e5 d5 7. exf6 dxc4 8. Qe2+ Be6 9. fxg7 Rg8 10. cxd4 Nxd4 11. Nxd4 Qxd4 12. Bh6 O-O-O 13. Nc3 Bg4 14. Qc2 Rde8+ 15. Be3 Qxg7 16. Qd2 Rd8 17. Qc1 Bxe3 18. Qxe3 Rge8 19. Ne4 Qxb2 20. Rc1 Rxe4 21. Qxe4 Qxc1# {[%emt 0:00:08] normal} 0-1

[Event "DVM U12w 2023"]
[Site "Magdeburg"]
[Date "2023.12.27"]
[Round "2"]
[White "Korwitz, Pauline"]
[Black "Seyedfakhari, Elena"]
[Result "1/2-1/2"]
[WhiteElo "1219"]
[BlackElo "860"]
[PlyCount "84"]
[EventDate "2022.12.27"]
[EventType "team-tourn"]
[EventRounds "7"]
[EventCountry "GER"]
[TimeControl "40/5400+30:1800+30"]
[WhiteClock "0:49:02"]
[BlackClock "1:33:24"]

1. e4 e5 2. Nf3 Nc6 3. d4 d6 4. dxe5 Nxe5 5. Nxe5 dxe5 6. Qxd8+ Kxd8 7. Bc4 Bg4 8. f3 Be6 9. Bxe6 fxe6 10. Nc3 Kd7 11. a3 Rd8 12. Bg5 Be7 13. Rd1+ Kc8 14. Rxd8+ Bxd8 15. Bxd8 Kxd8 16. O-O Kc8 17. Rd1 Nf6 18. Kf2 Rd8 19. Rxd8+ Kxd8 20. Ke3 c5 21. Kd3 Kd7 22. b4 cxb4 23. axb4 Kd6 24. Nb5+ Kc6 25. c4 a6 26. Nc3 b5 27. cxb5+ axb5 28. Ke3 g5 29. h3 h5 30. g4 hxg4 31. hxg4 Kd6 32. Nxb5+ Kc6 33. Nc3 Nd7 34. Kd3 Nb6 35. b5+ Kc5 36. Kc2 Nc4 37. Kb3 Nd2+ 38. Ka4 Nxf3 39. Ka5 Nd4 40. Ka6 Kb4 41. Na2+ Kc5 42. b6 Kc6 {[%emt 0:00:00] normal} 1/2-1/2

[Event "DVM U12w 2023"]
[Site "Magdeburg"]
[Date "2023.12.27"]
[Round "2"]
[White "Cao, Weiqi"]
[Black "Scharfenberg, Leah"]
[Result "1-0"]
[WhiteElo "1191"]
[BlackElo "755"]
[PlyCount "73"]
[EventDate "2022.12.27"]
[EventType "team-tourn"]
[EventRounds "7"]
[EventCountry "GER"]
[TimeControl "40/5400+30:1800+30"]
[WhiteClock "1:12:34"]
[BlackClock "1:03:44"]

1. d4 c5 2. c3 b6 3. Nf3 Nf6 4. g3 e6 5. Bg2 Bb7 6. O-O Bd6 7. Nbd2 O-O 8. Nc4 Be7 9. Re1 d5 10. Nce5 Bd6 11. Be3 Re8 12. Qb3 Nc6 13. dxc5 Bxc5 14. Bxc5 bxc5 15. Qxb7 Nxe5 16. Nxe5 Qd6 17. Nf3 Reb8 18. Qxa8 Rxa8 19. Rad1 Rb8 20. e4 Qa6 21. exd5 Nxd5 22. Nh4 Nc7 23. a3 Ne8 24. Rd2 h5 25. Bf3 g6 26. Be2 Qc6 27. Bf3 Qc7 28. Red1 Qa5 29. Ng2 Nf6 30. Ne3 e5 31. Nc4 Qa4 32. Nxe5 g5 33. Rd6 Ne8 34. R6d5 Rxb2 35. Bxh5 Qc2 36. Bxf7+ Kf8 37. Rf1 {[%emt 0:03:44] normal} 1-0

[Event "DVM U12w 2023"]
[Site "Magdeburg"]
[Date "2023.12.27"]
[Round "2"]
[White "Wolf, Helena"]
[Black "Satheesh, Yazhini"]
[Result "1-0"]
[WhiteElo "1188"]
[BlackElo "859"]
[PlyCount "93"]
[EventDate "2022.12.27"]
[EventType "team-tourn"]
[EventRounds "7"]
[EventCountry "GER"]
[TimeControl "40/5400+30:1800+30"]
[WhiteClock "1:17:04"]
[BlackClock "1:13:22"]

1. e4 e5 2. Nf3 Nc6 3. Bc4 Bc5 4. c3 Nf6 5. d4 exd4 6. O-O dxc3 7. e5 Ng4 8. Bxf7+ Kxf7 9. Qd5+ Ke8 10. Qxc5 cxb2 11. Bxb2 Qe7 12. Qxe7+ Nxe7 13. h3 Nh6 14. Nc3 Nc6 15. Nb5 Kd8 16. Rfe1 a6 17. Nc3 Nf7 18. Rad1 Ke7 19. Nd5+ Kd8 20. e6 dxe6 21. Nb6+ Ke7 22. Nxa8 Bd7 23. Nxc7 Rc8 24. Nd5+ Kf8 25. Nb6 Rd8 26. Rxd7 Rxd7 27. Nxd7+ Ke7 28. Nc5 Ncd8 29. Bxg7 Nd6 30. Ng5 h5 31. Ngxe6 Nxe6 32. Rxe6+ Kf7 33. Rxd6 Kxg7 34. Nxb7 h4 35. Rxa6 Kf7 36. Rd6 Ke7 37. Rd1 Ke6 38. a4 Ke7 39. a5 Ke6 40. a6 Ke7 41. a7 Ke6 42. a8=Q Ke7 43. Qd8+ Ke6 44. Rd5 Kf7 45. Rd6 Kg7 46. Qe7+ Kg8 47. Rd8# {[%emt 0:00:32] normal} 1-0

[Event "DVM U12w 2023"]
[Site "Magdeburg"]
[Date "2023.12.27"]
[Round "2"]
[White "Ruddat, Maila"]
[Black "Grunert, Greta"]
[Result "1-0"]
[WhiteElo "1187"]
[BlackElo "1288"]
[PlyCount "35"]
[EventDate "2022.12.27"]
[EventType "team-tourn"]
[EventRounds "7"]
[EventCountry "GER"]
[TimeControl "40/5400+30:1800+30"]
[WhiteClock "1:06:51"]
[BlackClock "0:50:34"]

1. e4 c6 2. d4 d5 3. exd5 cxd5 4. Bd3 Nc6 5. c3 Nf6 6. Bf4 Bg4 7. Nf3 e6 8. h3 Bh5 9. Nbd2 Bd6 10. Bxd6 Qxd6 11. Qb3 Qc7 12. c4 O-O 13. O-O Rac8 14. cxd5 Nxd5 15. Be4 Nf6 16. Rac1 Qd7 17. Bxc6 Rxc6 18. Ne5 {[%emt 0:02:20] normal} 1-0

[Event "DVM U12w 2023"]
[Site "Magdeburg"]
[Date "2023.12.27"]
[Round "2"]
[White "Wieckowicz, Bui Havy"]
[Black "Burchardi, Helena"]
[Result "0-1"]
[WhiteElo "1175"]
[BlackElo "1370"]
[PlyCount "44"]
[EventDate "2022.12.27"]
[EventType "team-tourn"]
[EventRounds "7"]
[EventCountry "GER"]
[TimeControl "40/5400+30:1800+30"]
[WhiteClock "1:09:24"]
[BlackClock "1:19:30"]

1. e4 e5 2. Nf3 Nc6 3. Bc4 Bc5 4. O-O Nf6 5. d3 O-O 6. c3 d6 7. Bg5 Be6 8. Nbd2 Qd7 9. Qc2 Ne7 10. Rfe1 Ng6 11. d4 Bb6 12. h3 h6 13. Bxf6 gxf6 14. d5 Bxh3 15. gxh3 Qxh3 16. Nh2 Nf4 17. Bf1 Qg3+ 18. Kh1 Bxf2 19. Ndf3 Kh7 20. Re2 Nxe2 21. Bxe2 Rg8 22. Bd3 Qg2# {[%emt 0:00:20] normal} 0-1